 Dungeon Crawl Stone Soup version 0.22.1-2-g9c5b331 (webtiles) character file.

50 colophon the Sneak (level 4, -6/25 HPs)
             Began as a Kobold Enchanter on Nov 26, 2018.
             Mangled by an ogre
             ... wielding a +0 giant spiked club
              (31 damage)
             ... on level 2 of the Dungeon.
             The game lasted 00:08:15 (2617 turns).

colophon the Sneak (Kobold Enchanter)               Turns: 2617, Time: 00:08:16

Health: -6/25      AC:  2    Str:  5    XL:     4   Next: 4%
Magic:  3/7        EV: 16    Int: 16    God:
Gold:   76         SH:  0    Dex: 16    Spells: 1/7 levels left

rFire    . . .     SeeInvis .   a - +1 dagger
rCold    . . .     Gourm    .   (shield restricted)
rNeg     . . .     Faith    .   b - +0 robe
rPois    .         Spirit   .   (no helmet)
rElec    .         Reflect  .   (no cloak)
rCorr    .         Harm     .   (no gloves)
MR       .....                  (no boots)
Stlth    +++.......             (no amulet)
HPRegen  0.08/turn              (no ring)
MPRegen  0.10/turn              (no ring)

@: no status effects
A: small, carnivore
a: no special abilities


You were on level 2 of the Dungeon.
You were completely stuffed.

You visited 1 branch of the dungeon, and saw 2 of its levels.

You collected 76 gold pieces.

Inventory:

Hand Weapons
 a - a +1 dagger (weapon)
Missiles
 p - 13 bolts
Armour
 b - a +0 robe (worn)
Jewellery
 e - a +3 amulet of reflection {unknown}
 k - an uncursed ring of stealth {unknown}
Scrolls
 c - 4 scrolls of identify {unknown}
 j - a scroll of magic mapping {unknown}
 m - a scroll of teleportation {unknown}
 n - a scroll of remove curse {unknown}
 o - a scroll of random uselessness {unknown}
Potions
 f - a potion of flight {unknown}
 g - 2 potions of might {unknown}
 h - a potion of haste {unknown}
 i - 2 potions of lignification {unknown}
Comestibles
 d - 3 rations


   Skills:
 - Level 1.0 Fighting
 + Level 2.3 Short Blades
 + Level 3.0 Dodging
 + Level 4.6 Stealth
 - Level 2.1 Spellcasting
 + Level 3.4 Hexes
 + Level 0.5 Ice Magic


You had one spell level left.
You knew the following spells:

 Your Spells              Type           Power        Failure   Level  Hunger
a - Corona                Hex            ##.....      4%          1    #......
b - Ensorcelled Hibernat  Hex/Ice        #.....       14%         2    ###....
c - Confuse               Hex            ##......     16%         3    ###....

Your spell library contained the following spells:

 Spells                   Type           Power        Failure   Level  Hunger
 Tukima's Dance           Hex            ##......     16%         3    ###....
 Dazzling Spray           Conj/Hex       #.....       30%         3    ###....


Dungeon Overview and Level Annotations

Branches:
Dungeon (2/15)

Altars:
Yredelemnul


Innate Abilities, Weirdness & Mutations

You are small and have problems with some larger weapons.
You are carnivorous and can eat meat at any time.


Message History

The ogre is almost dead.
The ogre barely misses you.
You hit the ogre but do no damage.
The ogre is almost dead.
The ogre barely misses you.
Casting: Ensorcelled Hibernation (safe; 14% risk of failure)
Confirm with . or Enter, or press ? or * to list all spells.
Aiming: Ensorcelled Hibernation (safe; 14% risk of failure)
Press: ? - help, Shift-Dir - straight line, f - ogre
Aim: an ogre, wielding a giant spiked club (almost dead, chance to defeat MR: The ogre resists with some effort.
Casting: Ensorcelled Hibernation (safe; 14% risk of failure)
Confirm with . or Enter, or press ? or * to list all spells.
Aiming: Ensorcelled Hibernation (safe; 14% risk of failure)
Press: ? - help, Shift-Dir - straight line, f/p - ogre
Aim: an ogre, wielding a giant spiked club (almost dead, chance to defeat MR: The ogre resists with some effort.
The ogre hits you with a giant spiked club!!
Ouch! That really hurt!
You die...

#############
#....@O.....#
#$#########.# ### #.#
#.# #.. ##.#########.#
#.#
#............########.#
#..########............
#..#######............#
#..##.......###........
#..##.................#


You could see an ogre.

Vanquished Creatures
  An adder (D:2)
  A dart slug (D:2)
  2 leopard geckos
  5 goblins
  6 hobgoblins
  4 jackals (D:1)
  4 bats
  A frilled lizard (D:1)
  6 kobolds
  6 rats
36 creatures vanquished.

Notes
Turn   | Place    | Note
-------+----------+-------------------------------------------
     0 | D:1      | colophon the Kobold Enchanter began the quest for the Orb.
     0 | D:1      | Reached XP level 1. HP: 10/10 MP: 3/3
   200 | D:1      | Reached XP level 2. HP: 6/16 MP: 5/5
   204 | D:1      | Learned a level 2 spell: Ensorcelled Hibernation
  1091 | D:1      | Reached XP level 3. HP: 17/20 MP: 0/6
  1150 | D:1      | Reached skill level 1 in Fighting
  1494 | D:2      | Found a basalt altar of Yredelemnul.
  2440 | D:2      | Reached XP level 4. HP: 25/25 MP: 2/7
  2445 | D:2      | Learned a level 3 spell: Confuse
  2607 | D:2      | Noticed an ogre
  2617 | D:2      | Mangled by an ogre

Skill      XL: |  1  2  3 |
---------------+----------+-----
Short Blades   | 2 |  2.3
Fighting       | 1 |  1.0
Dodging        | 3 |  3.0
Stealth        | |  4.6
Spellcasting   | |  2.1
Hexes          | |  3.4
Ice Magic      | |  0.5

Action                   |  1- 3 |  4- 6 || total
-------------------------+-------+-------++-------
Melee: Dagger            |   140 |    14 ||   154
 Cast: Corona            |    10 |       ||    10
       Ensorcelled Hiber |    29 |     6 ||    35
 Stab: Sleeping          |    18 |     1 ||    19
  Eat: Chunk             |    16 |     1 ||    17
Armor: Robe              |    16 |     4 ||    20
Dodge: Dodged            |   130 |    18 ||   148
